 Dungeon Crawl Stone Soup version 0.24.0-124-g2791043dd8 (webtiles) character file.

Game seed: 1753013126520545814, levelgen mode: deterministic

5392 Lemonice the Zephyrmancer (level 10, -6/59 HPs)
             Began as a Tengu Air Elementalist on Feb 15, 2020.
             Was a Follower of Vehumet.
             Mangled by a water moccasin (7 damage)
             ... on level 8 of the Dungeon.
             The game lasted 00:35:03 (9810 turns).

Lemonice the Zephyrmancer (Tengu Air Elementalist)  Turns: 9810, Time: 00:35:04

Health: -6/59      AC:  5    Str:  8    XL:     10   Next: 66%
Magic:  8/21       EV: 15    Int: 19    God:    Vehumet [*.....]
Gold:   458        SH:  0    Dex: 19    Spells: 7/23 levels left

rFire    . . .     SeeInvis +   F - +8 rapier of Impatience {venom, Dex+4}
rCold    . . .     Gourm    .   (no shield)
rNeg     . . .     Faith    .   a - +0 robe
rPois    .         Spirit   .   (helmet restricted)
rElec    .         Reflect  .   E - +1 cloak
rCorr    .         Harm     .   u - +0 pair of gloves
MR       +....                  (boots unavailable)
Stlth    ++........             (no amulet)
HPRegen  0.19/turn              j - ring of protection from magic
MPRegen  0.17/turn              v - ring of see invisible

@: flying quickly and evasively, quick
A: beak, talons 3, able to fly
a: Stop Flying, Renounce Religion


You were on level 8 of the Dungeon.
You worshipped Vehumet.
Vehumet was aware of your devotion.
You were hungry.

You visited 2 branches of the dungeon, and saw 9 of its levels.

You collected 458 gold pieces.

Inventory:

Hand Weapons
 s - a +3 vampiric trident
 D - a +3 quarterstaff of chaos
 F - the +8 rapier of Impatience (weapon) {venom, Dex+4}
   (You found it on level 5 of the Dungeon)

   It poisons the flesh of those it strikes.
   It affects your dexterity (+4).
Missiles
 G - 5 throwing nets (quivered)
Armour
 a - a +0 robe (worn)
 l - a +0 pair of boots
 u - a +0 pair of gloves (worn)
 w - a +2 buckler
 E - a +1 cloak (worn)
Jewellery
 j - a ring of protection from magic (left hand)
 n - a cursed -3 ring of strength {unknown}
 v - a ring of see invisible (right hand)
Wands
 C - a wand of acid (7)
 J - a wand of clouds (4)
Scrolls
 b - 4 scrolls of teleportation {unknown}
 g - 5 scrolls of magic mapping {unknown}
 h - a scroll of blinking {unknown}
 k - 4 scrolls of remove curse {unknown}
 o - 2 scrolls of amnesia {unknown}
 t - a scroll of fear {unknown}
 y - 3 scrolls of enchant weapon {unknown}
 A - 2 scrolls of enchant armour {unknown}
 B - a scroll of fog {unknown}
 H - 3 scrolls of identify
Potions
 d - 2 potions of cancellation
 e - 2 potions of berserk rage
 f - 4 potions of curing
 i - 2 potions of haste {unknown}
 m - a potion of heal wounds
 p - 2 potions of flight
 q - 4 potions of lignification
 r - a potion of brilliance {unknown}
 x - a potion of agility {unknown}
 z - 2 potions of ambrosia {unknown}
 I - a potion of resistance {unknown}
 K - 2 potions of invisibility {unknown}
Comestibles
 c - 9 rations


   Skills:
 + Level 5.4 Fighting
 - Level 6.0 Staves
 - Level 2.1 Dodging
 - Level 2.0 Stealth
 + Level 7.3 Spellcasting
 + Level 10.0 Conjurations
 + Level 10.8 Air Magic


You had 7 spell levels left.
You knew the following spells:

 Your Spells              Type           Power        Failure   Level  Hunger
a - Shock                 Conj/Air       ####         1%          1    None
b - Static Discharge      Conj/Air       #####...     1%          3    #......
c - Airstrike             Air            #####.....   1%          4    ###....
d - Lightning Bolt        Conj/Air       #####.....   3%          5    #####..
e - Swiftness             Chrm/Air       ####....     1%          2    None
f - Flame Tongue          Conj/Fire      ####.        1%          1    None

Your spell library contained the following spells:

 Spells                   Type           Power        Failure   Level  Hunger


Dungeon Overview and Level Annotations

Branches:
Dungeon (8/15)             Temple (1/1) D:7
   Lair: D:8-11

Altars:
Ashenzari
Cheibriados
Dithmenos
Elyvilon
Gozag
Hepliaklqana
Kikubaaqudgha
Makhleb
Nemelex Xobeh
Okawaru
Ru
Sif Muna
Trog
Uskayaw
Vehumet
Xom
Yredelemnul
Zin
The Shining One

Shops:
D:5 [%


Innate Abilities, Weirdness & Mutations

You have a beak for a mouth.
You have claws for feet.
You can fly continuously.


Message History

Casting: Shock (safe; 1% risk of failure)
Confirm with . or Enter, or press ? or * to list all spells.
Aiming: Shock (safe; 1% risk of failure)
Press: ? - help, Shift-Dir - straight line, f/p - centaur
Aim: a centaur, wielding a +0 shortbow (severely wounded)
The zap hits the centaur.
The centaur is almost dead.
The centaur shoots an arrow.
The arrow hits you!
* * * LOW HITPOINT WARNING * * *
The water moccasin closely misses you.
Casting: Shock (safe; 1% risk of failure)
Confirm with . or Enter, or press ? or * to list all spells.
Aiming: Shock (safe; 1% risk of failure)
Press: ? - help, Shift-Dir - straight line, f/p - centaur
Aim: a centaur, wielding a +0 shortbow (almost dead)
The zap hits the centaur!
You kill the centaur!
Vehumet accepts your kill. The water moccasin barely misses you.
The water moccasin bites you!
You die...

#.... #.##.#.........
.##.######....#...........
.#.........#..............
(##.......# #.....$.....
.#........## ##...<.......
.....##..^.###..O......#.#
..............#...†###.#
................S)## .#
##............##@.#
##..####......#...##
....####.......#...## ######
.............(####..###..≈.##
#.............####..##≈.###.##
##.........(#....#.###.#.##.≈##
.#........####.....#....#..##.#
#....##....####...##..⌠..#≈##.#
#....#.....#.##....##.#≈##≈#..#


You could see a two-headed ogre and a water moccasin.

Vanquished Creatures
  Harold (D:7)
  A two-headed ogre (D:8)
  A moth of wrath (D:7)
  A hippogriff (D:7)
  Menkaure (D:5)
  Edmund (D:5)
  A water moccasin (D:7)
  2 sky beasts
  2 orc warriors
  2 ice beasts (D:7)
  2 black bears
  5 centaurs
  A big kobold (D:6)
  4 bullfrogs
  Blork the orc (D:5)
  2 scorpions (D:7)
  3 killer bees
  4 wights (D:7)
  2 bullfrog zombies
  5 crimson imps
  6 orc priests
  A hound (D:8)
  A jelly (D:8)
  A bullfrog skeleton (D:5)
  Crazy Yiuf (D:6)
  2 centaur skeletons (D:4)
  3 iguanas
  8 orc wizards
  4 worker ants
  A hound zombie (D:5)
  A hound skeleton (D:6)
  A worker ant zombie (D:6)
  3 gnolls (D:7)
  10 adders
  A shadow imp (D:8)
  An ooze (D:5)
  An adder skeleton (D:8)
  4 worms
  2 dart slugs
  3 leopard geckos
  37 orcs
  6 giant cockroaches
  7 goblins
  9 hobgoblins
  A jackal (D:7)
  6 quokkas
  4 ball pythons
  7 bats
  9 frilled lizards
  13 kobolds
  3 leopard gecko skeletons
  8 rats
207 creatures vanquished.

Notes
Turn   | Place    | Note
-------+----------+-------------------------------------------
     0 | D:1      | Lemonice the Tengu Air Elementalist began the quest for the
                  | Orb.
     0 | D:1      | Reached XP level 1. HP: 10/10 MP: 4/4
   319 | D:1      | Reached XP level 2. HP: 15/15 MP: 1/6
  1205 | D:2      | Reached XP level 3. HP: 19/19 MP: 0/7
  1325 | D:2      | Found a sacrificial altar of Ru.
  1467 | D:2      | Reached skill level 5 in Air Magic
  1567 | D:2      | Reached XP level 4. HP: 24/24 MP: 3/9
  1904 | D:2      | Learned a level 3 spell: Static Discharge
  1909 | D:2      | Learned a level 4 spell: Airstrike
  2052 | D:3      | Gained mutation: You can fly continuously. [Tengu growth]
  2052 | D:3      | Reached XP level 5. HP: 28/28 MP: 7/10
  3170 | D:4      | Noticed an orc warrior
  3186 | D:4      | Killed an orc warrior
  3186 | D:4      | Reached XP level 6. HP: 13/32 MP: 3/12
  3417 | D:4      | Reached skill level 5 in Conjurations
  3706 | D:4      | Reached XP level 7. HP: 36/36 MP: 6/14
  3884 | D:4      | You are sucked into a shaft and drop 2 floors!
  4016 | D:6      | Found a glowing silver altar of Zin.
  4260 | D:6      | Found a sparkling altar of Nemelex Xobeh.
  4501 | D:5      | Entered Level 5 of the Dungeon
  4680 | D:6      | Reached XP level 8. HP: 18/41 MP: 8/16
  4781 | D:6      | Found a runed translucent door.
  4782 | D:6      | Noticed Crazy Yiuf
  4834 | D:6      | Reached skill level 5 in Spellcasting
  4955 | D:6      | Killed Crazy Yiuf
  5382 | D:5      | Found Qatuum's Food Boutique.
  5382 | D:5      | Found a white marble altar of Elyvilon.
  5436 | D:5      | Reached skill level 1 in Staves
  5561 | D:5      | Noticed Menkaure
  5565 | D:5      | Killed Menkaure
  5565 | D:5      | Reached skill level 1 in Fighting
  5636 | D:5      | Got an ancient rapier
  5637 | D:5      | Identified the +8 rapier of Impatience {venom, Dex+4} (You
                  | found it on level 5 of the Dungeon)
  5645 | D:5      | Learned a level 5 spell: Lightning Bolt
  5648 | D:5      | Learned a level 2 spell: Swiftness
  5753 | D:5      | Noticed Edmund
  5753 | D:5      | Noticed Blork the orc
  5758 | D:5      | Killed Blork the orc
  5764 | D:5      | Killed Edmund
  5994 | D:5      | Found Citapire's Antique Armour Emporium.
  6260 | D:7      | Reached XP level 9. HP: 44/49 MP: 4/18
  7218 | D:7      | Found a staircase to the Ecumenical Temple.
  7245 | D:7      | Found a glowing golden altar of the Shining One.
  7247 | Temple   | Entered the Ecumenical Temple
  7288 | Temple   | Became a worshipper of Vehumet
  7583 | D:7      | Noticed a moth of wrath
  7586 | D:7      | Found a bloodstained altar of Trog.
  7589 | D:7      | Killed a moth of wrath
  7905 | D:8      | Reached skill level 10 in Air Magic
  8028 | D:8      | Reached skill level 5 in Staves
  8028 | D:8      | Reached XP level 10. HP: 44/57 MP: 3/20
  8197 | D:8      | Noticed a two-headed ogre
  8201 | D:8      | Killed a two-headed ogre
  8380 | D:8      | Found a shimmering blue altar of Sif Muna.
  8440 | D:8      | Reached * piety under Vehumet
  8440 | D:8      | Offered knowledge of Flame Tongue by Vehumet.
  8448 | D:8      | Found a shimmering altar of Xom.
  8497 | D:8      | Learned a level 1 spell: Flame Tongue
  8509 | D:8      | Noticed a two-headed ogre
  8517 | D:8      | Noticed Harold
  9110 | D:7      | Killed Harold
  9110 | D:7      | Reached skill level 5 in Fighting
  9212 | D:8      | Reached skill level 10 in Conjurations
  9809 | D:8      | HP: 1/59 [centaur/arrow (11)]
  9810 | D:8      | Mangled by a water moccasin

Levels and vault maps discovered:
D:1:      minmay_arrival_cross, layout_basic, serial_bayou_ford_a
D:2:      layout_rooms, nicolae_ru_awakened_eye, first_ration
D:3:      layout_basic, minmay_crystal_water
D:4:      layout_basic
D:5:      layout_cave_pods, overflow_temple_1_default, serial_shops,
          nicolae_shop_trees, kennysheep_mini_moat, uniq_edmund,
          uniq_blork_the_orc, uniq_menkaure
D:6:      layout_cave_pods, zin_statuary, nemelex_xobeh_ov_fountains_minmay,
          uniq_crazy_yiuf_cottage
D:7:      minmay_spotlight, layout_basic, tgw_trog, overflow_temple_1_default,
          minmay_temple_entry_mist
D:8:      layout_cave_pools, lemuel_crystal_altar, tgw_xom, uniq_harold
Temple:   eino_wide_crystal_templ

Skill      XL: |  1  2  3  4  5  6  7  8  9 10 |
---------------+-------------------------------+-----
Conjurations   | 2 3 4 5 6 7 9 10 | 10.0
Air Magic      | 5 6 7 8 10 | 10.8
Spellcasting   | 3 4 5 6 7 |  7.3
Staves         | 3 5 6 |  6.0
Fighting       | 2 4 5 |  5.4
Dodging        | |  2.1
Stealth        | |  2.0

Action                   |  1- 3 |  4- 6 |  7- 9 | 10-12 || total
-------------------------+-------+-------+-------+-------++-------
Melee: Unarmed           |    21 |       |       |       ||    21
       Kick              |     5 |     1 |    16 |       ||    22
       Peck              |     1 |     1 |    10 |       ||    12
       Trident           |       |     5 |    35 |       ||    40
       Quarterstaff      |       |       |     9 |       ||     9
       Rapier            |       |       |    24 |     2 ||    26
 Cast: Shock             |    59 |   132 |   222 |    60 ||   473
       Static Discharge  |       |       |     3 |     5 ||     8
       Lightning Bolt    |       |       |     9 |    21 ||    30
       Airstrike         |       |       |     7 |     2 ||     9
       Swiftness         |       |       |       |     2 ||     2
 Abil: Fly               |       |     1 |       |       ||     1
  Use: Potion            |       |       |     5 |     1 ||     6
       Scroll            |       |       |     4 |       ||     4
  Eat: Ration            |     1 |       |     1 |     1 ||     3
       Chunk             |       |     5 |    15 |     6 ||    26
Armor: Robe              |     3 |     6 |    22 |     7 ||    38
       Skin              |       |       |    20 |       ||    20
Dodge: Dodged            |    20 |    22 |    84 |    52 ||   178
Block: Buckler           |       |     7 |    15 |       ||    22
